 Dungeon Crawl Stone Soup version 0.24.0-37-gcf1ca852f1 (webtiles) character file.

Game seed: 1913285564307523590, levelgen mode: deterministic

2254 Curus the Carver (level 9, -4/70 HPs)
             Began as a Minotaur Fighter on Dec 7, 2019.
             Was an Elder of Okawaru.
             Killed from afar by a starcursed mass (8 damage)
             ... with an accursed screaming
             ... on level 2 of the Abyss on Dec 8, 2019.
             The game lasted 00:22:09 (4842 turns).

Curus the Carver (Minotaur Fighter)                 Turns: 4842, Time: 00:22:09

Health: -4/70      AC: 13    Str: 22    XL:     9   Next: 15%
Magic:  0/8        EV:  4    Int:  3    God:    Okawaru [****..]
Gold:   323        SH: 10    Dex: 10    Spells: 8/8 levels left

rFire    . . .     SeeInvis .   t - +0 scimitar
rCold    + . .     Gourm    .   c - +1 shield
rNeg     . . .     Faith    .   u - +0 plate armour
rPois    .         Spirit   .   (helmet restricted)
rElec    .         Reflect  .   k - +0 cloak
rCorr    .         Harm     .   h - +0 pair of gloves
MR       .....                  (no boots)
Stlth    ..........             (no amulet)
HPRegen  0.21/turn              i - ring of stealth
MPRegen  0.11/turn              q - ring of protection from cold

@: no status effects
A: retaliatory headbutt, horns 2, [dopey 2]
a: Heroism, Renounce Religion


You were on level 2 of the Abyss.
You worshipped Okawaru.
Okawaru was greatly pleased with you.
You were not hungry.

You visited 1 branch of the dungeon, and saw 7 of its levels.
You visited the Abyss 1 time.

You collected 323 gold pieces.

Inventory:

Hand Weapons
 a - a +2 long sword
 t - a +0 scimitar (weapon)
Armour
 b - a +0 scale mail
 c - a +1 shield (worn)
 h - a +0 pair of gloves (worn)
 k - a +0 cloak (worn)
 u - a +0 plate armour (worn)
Jewellery
 i - a ring of stealth (left hand)
 q - a ring of protection from cold (right hand)
 r - an uncursed amulet of harm
 s - an uncursed ring of stealth
Wands
 o - a wand of iceblast (6)
Scrolls
 e - 8 scrolls of identify
 g - 5 scrolls of remove curse
 n - 3 scrolls of teleportation
 p - a scroll of fear
 v - a scroll of amnesia
 w - a scroll of blinking
Potions
 d - a potion of might
 j - a potion of heal wounds
 l - 3 potions of curing
 m - 2 potions of brilliance
Comestibles
 f - 12 rations


   Skills:
 + Level 3.6 Fighting
 - Level 14.0 Long Blades
 + Level 3.6 Armour
 - Level 3.6 Shields


You had 8 spell levels left.
You didn't know any spells.
Your spell library contained the following spells:

 Spells                   Type           Power        Failure   Level  Hunger
 Magic Dart               Conj           #...         100%        1    ##.....
 Blink                    Tloc           N/A          100%        2    ###....
 Call Imp                 Summ           #.......     100%        2    ###....
 Slow                     Hex            #.......     100%        2    ###....
 Conjure Flame            Conj/Fire      #.......     100%        3    ####...
 Mephitic Cloud           Conj/Pois/Air  #.......     100%        3    ####...


Dungeon Overview and Level Annotations

Branches:
Dungeon (7/15)             Temple (0/1) D:4

Altars:
Ashenzari
Dithmenos
Elyvilon
Fedhas
Nemelex Xobeh
Okawaru
Sif Muna
Wu Jian


Innate Abilities, Weirdness & Mutations

You reflexively headbutt those who attack you in melee.
You have a pair of horns on your head.
[You are very dopey. (Int -4)]


Message History

You closely miss the sixfirhy. Your headbutt misses the sixfirhy.
The thrashing horror completely misses you.
You furiously retaliate!
You headbutt the thrashing horror.
The thrashing horror tramples you but does no damage.
You closely miss the sixfirhy. You headbutt the sixfirhy!
The sixfirhy is moderately wounded.
The thrashing horror tramples you but does no damage. x2
A starcursed mass splits.
A small abomination comes into view.
You miss the sixfirhy. Your headbutt misses the sixfirhy.
The sixfirhy is moderately wounded.
The thrashing horror tramples you but does no damage.
The thrashing horror tramples you.
* * * LOW HITPOINT WARNING * * *
You hold your ground!
You block the sixfirhy's attack. The thrashing horror tramples you!
* * * LOW HITPOINT WARNING * * *
You hold your ground!
The thrashing horror barely misses you.
The starcursed mass shrieks in your mind.
You die...

..*## .... # ..#
.. #. . .. .## ##
# . #x# ..#. .
..#### # ...x
#.....#####>.#..#
#...G.x*X@35.....
#.X########......
# # ..##. #.# ..#
X.. ... #X. .# ..
. .#


You could see a starcursed mass, a wretched star, a thrashing horror, an eye of
draining, a sixfirhy, 2 small abominations and a white imp.

Vanquished Creatures
  A hippogriff (D:7)
  Eustachio (D:5)
  Menkaure (D:6)
  An orc warrior (D:5)
  4 ice beasts
  A black bear (D:6)
  2 phantoms
  A centaur (D:6)
  2 bullfrogs
  4 wights
  A crimson imp (D:6)
  2 bullfrog skeletons (D:6)
  A centaur skeleton (D:6)
  4 hounds
  2 orc priests (D:6)
  An iguana (D:5)
  4 worker ants
  An orc wizard (D:6)
  A worker ant zombie (D:5)
  6 gnolls (D:4)
  8 adders
  A shadow imp (D:7)
  2 oozes
  4 worms (D:2)
  A dart slug (D:1)
  5 leopard geckos
  11 orcs
  7 bats
  A giant cockroach (D:5)
  10 goblins
  9 hobgoblins
  8 jackals
  2 quokkas
  2 ball pythons
  7 frilled lizards
  A jackal skeleton (D:4)
  9 kobolds
  A quokka skeleton (D:6)
  15 rats
145 creatures vanquished.

Notes
Turn   | Place    | Note
-------+----------+-------------------------------------------
     0 | D:1      | Curus the Minotaur Fighter began the quest for the Orb.
     0 | D:1      | Reached XP level 1. HP: 19/19 MP: 0/0
    53 | D:1      | Reached skill level 3 in Long Blades
    83 | D:1      | Reached XP level 2. HP: 26/26 MP: 1/1
   151 | D:1      | Reached skill level 4 in Long Blades
   268 | D:1      | Reached XP level 3. HP: 29/31 MP: 2/2
   417 | D:1      | You fall into a shaft and drop 1 floor!
   461 | D:2      | Found an iron altar of Okawaru.
   465 | D:2      | Reached skill level 5 in Long Blades
   471 | D:2      | Found an ornate altar of the Wu Jian Council.
   472 | D:2      | Found a white marble altar of Elyvilon.
   472 | D:2      | Found a shimmering blue altar of Sif Muna.
   491 | D:2      | Became a worshipper of Warmaster Okawaru
   579 | D:2      | Reached XP level 4. HP: 39/39 MP: 3/3
  1205 | D:3      | Found a shattered altar of Ashenzari.
  1425 | D:3      | Found a shimmering blue altar of Sif Muna.
  1810 | D:4      | Found a shadowy altar of Dithmenos.
  1833 | D:3      | Reached skill level 6 in Long Blades
  2211 | D:4      | Reached XP level 5. HP: 45/45 MP: 4/4
  2244 | D:4      | Reached skill level 7 in Long Blades
  2263 | D:4      | Reached * piety under Okawaru
  2276 | D:4      | Found a staircase to the Ecumenical Temple.
  2418 | D:4      | Reached XP level 6. HP: 44/51 MP: 5/5
  2478 | D:4      | Reached skill level 8 in Long Blades
  2758 | D:4      | Found a blossoming altar of Fedhas.
  3119 | D:5      | Entered Level 5 of the Dungeon
  3174 | D:5      | Noticed Eustachio
  3177 | D:5      | Noticed an ice beast
  3182 | D:5      | Killed Eustachio
  3182 | D:5      | Reached skill level 9 in Long Blades
  3187 | D:5      | Killed an ice beast
  3187 | D:5      | Reached ** piety under Okawaru
  3187 | D:5      | Reached XP level 7. HP: 57/57 MP: 6/6
  3275 | D:5      | Found a sparkling altar of Nemelex Xobeh.
  3612 | D:5      | Reached skill level 10 in Long Blades
  3883 | D:6      | Reached skill level 11 in Long Blades
  3883 | D:6      | Reached XP level 8. HP: 60/64 MP: 7/7
  3914 | D:6      | Reached *** piety under Okawaru
  4010 | D:6      | Noticed Menkaure
  4018 | D:6      | Reached skill level 12 in Long Blades
  4023 | D:6      | Killed Menkaure
  4381 | D:6      | Reached skill level 13 in Long Blades
  4643 | D:7      | Noticed a hippogriff
  4663 | D:7      | Killed a hippogriff
  4663 | D:7      | Reached **** piety under Okawaru
  4663 | D:7      | Reached XP level 9. HP: 59/70 MP: 8/8
  4692 | D:7      | Reached skill level 14 in Long Blades
  4695 | D:7      | Noticed a wizard
  4717 | D:7      | Cast into level 2 of the Abyss (a wizard)
  4724 | Abyss:2  | Noticed a smoke demon
  4830 | Abyss:2  | Noticed a thrashing horror
  4830 | Abyss:2  | Noticed a wretched star
  4830 | Abyss:2  | Noticed a smoke demon
  4830 | Abyss:2  | Noticed an ancient zyme
  4834 | Abyss:2  | Noticed a starcursed mass
  4839 | Abyss:2  | Noticed a sixfirhy
  4842 | Abyss:2  | Killed from afar by a starcursed mass

Levels and vault maps discovered:
D:1:      onia_arrival_pentagram, layout_basic, minmay_nonomino_d4
D:2:      layout_basic, grunt_temple_overflow_open, minmay_rat_gold_closets
D:3:      layout_loops_ring, cheibrodos_ashenzari_chains, led_sif_pool
D:4:      layout_basic, lemuel_doored_altar, old_standard_altar,
          minmay_temple_entry_large_hall
D:5:      layout_rooms, nicolae_overflow_hidden_temple, first_ration,
          uniq_eustachio
D:6:      layout_rooms, hangedman_abyss_or_decor_slice, corexii_corridor_pit,
          uniq_menkaure
D:7:      cheibrodos_wizards_tower, layout_rooms, uniq_duvessa
Abyss:2:  base: D:4, minivault_28, evilmike_abyss_exit_13, minivault_20

Skill      XL: |  1  2  3  4  5  6  7  8  9 |
---------------+----------------------------+-----
Long Blades    | 3 4 5 6 7 9 11 13 14 | 14.0
Fighting       | |  3.6
Armour         | |  3.6
Shields        | |  3.6

Action                   |  1- 3 |  4- 6 |  7- 9 || total
-------------------------+-------+-------+-------++-------
Melee: Long sword        |   118 |   170 |    26 ||   314
       Headbutt          |    13 |    24 |    43 ||    80
       Scimitar          |       |       |   172 ||   172
  Use: Scroll            |     7 |     5 |       ||    12
       Potion            |     5 |     4 |     1 ||    10
  Eat: Chunk             |       |     7 |     6 ||    13
Armor: Scale mail        |    54 |    52 |    14 ||   120
       Plate armour      |       |       |    88 ||    88
Dodge: Dodged            |    25 |    34 |    30 ||    89
Block: Shield            |    67 |    65 |    91 ||   223
       Rpst.: Long sword |     8 |     8 |     1 ||    17
       Scimitar          |       |       |     8 ||     8
